 Dungeon Crawl Stone Soup version 0.19.4-9-g45fd643 (webtiles) character file.

824 xhc the Magician (level 7, -1/45 HPs)
             Began as a High Elf Conjurer on Feb 17, 2017.
             Was a Follower of Vehumet.
             Slain by a slave (10 damage)
             ... led by Pikel
             ... on level 5 of the Dungeon.
             The game lasted 00:30:34 (4758 turns).

xhc the Magician (High Elf Conjurer)                Turns: 4758, Time: 00:30:35

Health: -1/45      AC:  7    Str:  9    XL:     7   Next: 64%
Magic:  6/17       EV: 13    Int: 19    God:    Vehumet [*.....]
Gold:   217        SH:  4    Dex: 16    Spells: 4 memorised, 10 levels left

rFire  + . .     SeeInvis .     p - +1 short sword (drain)
rCold  + . .     Gourm    .     I - +2 robe {rC+ rF+}
rNeg   . . .     Faith    .     d - +0 buckler
rPois  +         Spirit   .     (no helmet)
rElec  .         Reflect  .     (no cloak)
rCorr  .         Harm     .     (no gloves)
MR     .....                    f - +2 pair of boots
Stlth  +++.......               s - amulet of regeneration
                                (no ring)
                                j - ring of poison resistance

@: very slightly contaminated
A: no striking features
a: Renounce Religion


You were on level 5 of the Dungeon.
You worshipped Vehumet.
Vehumet was aware of your devotion.
You were not hungry.

You visited 2 branches of the dungeon, and saw 6 of its levels.

You collected 297 gold pieces.
You spent 80 gold pieces at shops.

Inventory:

Hand Weapons
 n - a +0 mace of holy wrath
 p - a +1 short sword of draining (weapon)
 r - a +0 hand axe of electrocution
Missiles
 o - 6 tomahawks (quivered)
Armour
 a - a +2 robe
 d - a +0 buckler (worn)
 f - a +2 pair of boots (worn)
 I - a +2 robe of resistance (worn)
Jewellery
 j - a ring of poison resistance (left hand)
 s - an amulet of regeneration (around neck)
 E - an uncursed ring of flight
Wands
 v - a wand of iceblast (0/15)
Scrolls
 h - 6 scrolls of remove curse
 u - a scroll of teleportation
 w - a scroll of immolation {unknown}
 y - a scroll of amnesia {unknown}
 z - a scroll of enchant weapon {unknown}
 B - 2 scrolls of random uselessness
Potions
 e - 3 potions of flight
 g - a potion of heal wounds {unknown}
 i - a potion of haste {unknown}
 k - a potion of agility {unknown}
 m - 2 potions of lignification
 q - a potion of curing
 t - a potion of might
 x - 2 potions of ambrosia
 D - 2 potions of mutation {unknown}
 G - a potion of degeneration {unknown}
 H - 2 potions of cancellation {unknown}
Books
 b - a book of Conjurations

   Spells                             Type                      Level
   a - Magic Dart                     Conjuration                  1
   b - Searing Ray                    Conjuration                  2
   c - Dazzling Spray                 Conjuration/Hexes            3
   d - Fulminant Prism                Conjuration/Hexes            4
   e - Iskenderun's Mystic Blast      Conjuration                  4
   f - Iskenderun's Battlesphere      Conjuration/Charms           5
 A - a book of Changes

   Spells                             Type                      Level
   a - Beastly Appendage              Transmutation                1
   b - Sticks to Snakes               Transmutation                2
   c - Spider Form                    Transmutation/Poison         3
   d - Ice Form                       Ice/Transmutation            4
   e - Blade Hands                    Transmutation                5
Comestibles
 c - 3 bread rations
 l - 4 meat rations
 C - a beef jerky


   Skills:
 * Level 2.8 Fighting
 + Level 3.1 Short Blades
 + Level 3.6 Dodging
 + Level 3.8 Stealth
 + Level 1.1 Shields
 * Level 6.2 Spellcasting
 + Level 5.3 Conjurations
 + Level 1.2 Transmutations
 + Level 0.2 Evocations


You had 10 spell levels left.
You knew the following spells:

 Your Spells              Type           Power        Failure   Level  Hunger
a - Magic Dart            Conj           ####         1%          1    None
b - Searing Ray           Conj           ####..       2%          2    None
c - Iskenderun's Mystic   Conj           ####....     21%         4    ####...
d - Beastly Appendage     Tmut           ##....       12%         1    None


Dungeon Overview and Level Annotations

Branches:
Dungeon (5/15)             Temple (1/1) D:4

Altars:
Cheibriados
Dithmenos
Elyvilon
Fedhas
Hepliaklqana
Kikubaaqudgha
Makhleb
Nemelex Xobeh
Okawaru
Qazlal
Ru
Sif Muna
Trog
Uskayaw
Vehumet
Xom
Yredelemnul
Zin
The Shining One

Shops:
D:4 ?

Annotations:
D:5 Pikel


Message History

Confirm with . or Enter, or press ? or * to list all spells.
Aiming: Magic Dart
Press: ? - help, Shift-Dir - straight line, f/p - Pikel
Aim: Pikel, wielding a whip of freezing and wearing a robe (lightly wounded)
The magic dart hits Pikel.
Pikel is lightly wounded.
Pikel hits you but does no damage.
The slave hits you but does no damage. x2
Evoke which item? (* to show all) (? for menu, Esc to quit)
Okay, then.
Unknown command.
You hit Pikel but do no damage.
Pikel is lightly wounded.
Pikel hits you with a whip of freezing. Pikel freezes you. The slave hits you.
The slave closely misses you.
You hit Pikel. You drain Pikel!
Pikel is moderately wounded.
Pikel hits you with a whip of freezing. Pikel freezes you. The slave hits you.
* * * LOW HITPOINT WARNING * * *
The slave hits you!
You die...

##.###.##### #.#.########.#
###.#.## #...# #.# #
##.###############..## #p# #
#.............(....# #.#
#####.######.#####.# #.# #.#
#.# #.# #.# #.# #.# #.#
######.# ######.# ###.### #p#
#..p...# #......# #..K@p# #.#
#.######
#.#########.###p###.####.######
#.# #....# #p...............
#.# #.##.###.##.#####.#####.
###.# #.##.......#...p).#####.
....# #.#########)#####...<...
##### #.# #.# ###.#### #.# #.#
#.# #.# #.# #.#


You could see Pikel and 3 slaves.

Vanquished Creatures
  Sigmund (D:5)
  Duvessa (D:5)
  A slave (D:5)
  2 ogres
  A scorpion (D:5)
  Dowan (D:5)
  A hound (D:5)
  A centaur skeleton (D:4)
  An iguana (D:4)
  7 adders
  4 gnolls (D:3)
  4 worms
  2 dart slugs
  3 leopard geckos
  3 orcs
  6 giant cockroaches
  14 goblins
  8 hobgoblins
  6 jackals
  A quokka (D:2)
  A ball python (D:3)
  5 bats
  8 frilled lizards
  7 kobolds
  16 rats
105 creatures vanquished.

Notes
Turn   | Place    | Note
-------+----------+-------------------------------------------
     0 | D:1      | xhc the High Elf Conjurer began the quest for the Orb.
     0 | D:1      | Reached XP level 1. HP: 11/11 MP: 4/4
   220 | D:1      | Reached XP level 2. HP: 17/17 MP: 0/6
   224 | D:1      | Learned a level 2 spell: Searing Ray
   872 | D:1      | Reached XP level 3. HP: 21/21 MP: 2/8
   999 | D:2      | Reached skill level 3 in Spellcasting
  1021 | D:2      | Found an ancient bone altar of Kikubaaqudgha.
  1026 | D:2      | Found a burning altar of Makhleb.
  1633 | D:2      | Reached XP level 4. HP: 14/27 MP: 4/10
  1917 | D:2      | Reached skill level 1 in Fighting
  2498 | D:3      | Reached skill level 4 in Spellcasting
  2505 | D:3      | Reached skill level 5 in Conjurations
  2554 | D:3      | Reached XP level 5. HP: 5/33 MP: 3/12
  2857 | D:3      | Found a white marble altar of Elyvilon.
  3198 | D:4      | Learned a level 4 spell: Iskenderun's Mystic Blast
  3209 | D:4      | Found a staircase to the Ecumenical Temple.
  3215 | Temple   | Entered the Ecumenical Temple
  3302 | Temple   | Became a worshipper of Vehumet
  3352 | D:4      | Found an iron altar of Okawaru.
  3422 | D:4      | Found Dugif's Magic Scroll Shoppe.
  3449 | D:4      | Bought a scroll of identify for 20 gold pieces
  3449 | D:4      | Bought a scroll of identify for 20 gold pieces
  3449 | D:4      | Bought a scroll of identify for 20 gold pieces
  3449 | D:4      | Bought a scroll of identify for 20 gold pieces
  3523 | D:4      | Learned a level 1 spell: Beastly Appendage
  4045 | D:4      | Noticed an ogre
  4062 | D:4      | Killed an ogre
  4062 | D:4      | Reached * piety under Vehumet
  4062 | D:4      | Offered knowledge of Freeze by Vehumet.
  4062 | D:4      | Reached skill level 1 in Short Blades
  4062 | D:4      | Reached skill level 1 in Shields
  4062 | D:4      | Reached skill level 5 in Spellcasting
  4062 | D:4      | Reached XP level 6. HP: 21/38 MP: 1/14
  4122 | D:5      | Entered Level 5 of the Dungeon
  4184 | D:5      | Noticed Sigmund
  4192 | D:5      | Killed Sigmund
  4205 | D:5      | Reached XP level 7. HP: 45/45 MP: 12/16
  4424 | D:5      | Noticed Dowan
  4425 | D:5      | Noticed Duvessa
  4428 | D:5      | Killed Dowan
  4428 | D:5      | Reached skill level 1 in Transmutations
  4436 | D:5      | Killed Duvessa
  4436 | D:5      | Reached skill level 6 in Spellcasting
  4580 | D:5      | Noticed Pikel
  4758 | D:5      | Slain by a slave

Skill      XL: |  1  2  3  4  5  6  7 |
---------------+----------------------+-----
Spellcasting   | 3 4 5 6 |  6.2
Fighting       | 1 2 |  2.8
Conjurations   | 5 |  5.3
Dodging        | 3 |  3.6
Stealth        | 3 |  3.8
Short Blades   | 1 2 3 |  3.1
Shields        | 1 |  1.1
Transmutations | 1 |  1.2
Evocations     | |  0.2

Action                   |  1- 3 |  4- 6 |  7- 9 || total
-------------------------+-------+-------+-------++-------
Melee: Unarmed           |     7 |       |       ||     7
       Club              |    38 |       |       ||    38
       Mace              |    20 |       |       ||    20
       Short sword       |     2 |    71 |    23 ||    96
       Headbutt          |       |     2 |       ||     2
Throw: Tomahawk          |     7 |    10 |     1 ||    18
 Cast: Magic Dart        |    59 |    56 |    23 ||   138
       Searing Ray       |     1 |     6 |       ||     7
       Beastly Appendage |       |     4 |     1 ||     5
       Iskenderun's Myst |       |     1 |     3 ||     4
Evoke: Wand              |       |     4 |     2 ||     6
  Use: Scroll            |     5 |    12 |     3 ||    20
       Potion            |       |       |     1 ||     1
 Stab: Sleeping          |     7 |     3 |       ||    10
  Eat: Meat ration       |     1 |     1 |       ||     2
       Pizza             |       |     1 |       ||     1
       Beef jerky        |       |     1 |       ||     1
Armor: Robe              |    20 |    22 |    14 ||    56
Dodge: Dodged            |    49 |    50 |    26 ||   125
Block: Buckler           |    15 |    14 |    12 ||    41
